[Event "XXIX Cracovia 2018"]
[Site "Krakow"]
[Date "2018.12.27"]
[Round "1"]
[White "Jarmula, Lukasz"]
[Black "Kasperek, Ryszard"]
[Result "1-0"]
[ECO "E21"]
[WhiteElo "2481"]
[BlackElo "2212"]
[Annotator "ChessBase"]
[PlyCount "41"]
[EventDate "2018.12.27"]
[EventType "swiss"]
[EventCountry "POL"]
[SourceTitle "playchess.com"]
[Source "ChessBase"]
[SourceQuality "1"]
[TimeControl "40/5400+30:1800+30"]

1. d4 Nf6 2. c4 e6 3. Nc3 Bb4 4. Nf3 b6 5. Bd2 Bb7 6. e3 O-O 7. Bd3 d5 8. cxd5 exd5 9. Rc1 Re8 10. O-O a6 11. Ne5 Bd6 12. f4 c5 13. Be1 Ne4 14. Nxe4 dxe4 15. Nxf7 Kxf7 16. Bc4+ Kf8 17. Qh5 Qf6 18. Qxh7 b5 19. Bh4 Qxh4 20. Qxh4 bxc4 21. f5 1-0

[Event "XXIX Cracovia 2018"]
[Site "Krakow"]
[Date "2018.12.27"]
[Round "1"]
[White "Janik, Igor"]
[Black "Wojciechowski, Piotr"]
[Result "1-0"]
[ECO "A40"]
[WhiteElo "2476"]
[BlackElo "2210"]
[Annotator "ChessBase"]
[PlyCount "81"]
[EventDate "2018.12.27"]
[EventType "swiss"]
[EventCountry "POL"]
[SourceTitle "playchess.com"]
[Source "ChessBase"]
[SourceQuality "1"]
[TimeControl "40/5400+30:1800+30"]

1. d4 Nf6 2. c4 e6 3. g3 c5 4. d5 b5 5. dxe6 fxe6 6. Bg2 d5 7. cxd5 Bb7 8. Bg5 Nbd7 9. Nc3 b4 10. Ne4 Bxd5 11. Nxf6+ Nxf6 12. Bxf6 gxf6 13. e4 Bb7 14. Qh5+ Ke7 15. Qxc5+ Kf7 16. Qh5+ Kg7 17. Rd1 Qc8 18. Ne2 b3 19. a3 Be7 20. O-O Rd8 21. Nf4 Ba6 22. Bh3 Bxf1 23. Nxe6+ Qxe6 24. Bxe6 Rxd1 25. Qxd1 Bb5 26. Qxb3 a6 27. a4 Bc6 28. Qc4 Be8 29. Bd5 Ra7 30. Qc8 Bxa4 31. Qg4+ Kh6 32. e5 Rd7 33. exf6 Bxf6 34. Qxa4 Rxd5 35. Qxa6 Rd1+ 36. Kg2 Kg7 37. Qb7+ Kf8 38. Qxh7 Bg7 39. Qf5+ Kg8 40. Qc8+ Bf8 41. Qg4+ 1-0

[Event "XXIX Cracovia 2018"]
[Site "Krakow"]
[Date "2018.12.27"]
[Round "1"]
[White "Gumularz, Szymon"]
[Black "Kumala, Aleksander"]
[Result "1-0"]
[ECO "C03"]
[WhiteElo "2462"]
[BlackElo "2198"]
[Annotator "ChessBase"]
[PlyCount "57"]
[EventDate "2018.12.27"]
[EventType "swiss"]
[EventCountry "POL"]
[SourceTitle "playchess.com"]
[Source "ChessBase"]
[SourceQuality "1"]
[TimeControl "40/5400+30:1800+30"]

1. e4 e6 2. d4 d5 3. Nd2 a6 4. Ngf3 Nf6 5. e5 Nfd7 6. c3 c5 7. Bd3 Nc6 8. O-O g5 9. Nb3 h6 10. Nxc5 Nxc5 11. dxc5 g4 12. Nd4 Nxe5 13. b4 Nxd3 14. Qxd3 Bg7 15. f3 h5 16. Bf4 Bd7 17. Rae1 Bb5 18. Rxe6+ Kf8 19. Nxb5 axb5 20. fxg4 Rxa2 21. Bd6+ Kg8 22. Re7 d4 23. Rfxf7 Ra1+ 24. Kf2 Ra2+ 25. Kg3 Rh7 26. Qxh7+ Kxh7 27. Rxg7+ Kh8 28. Rh7+ Kg8 29. Reg7# 1-0

[Event "XXIX Cracovia 2018"]
[Site "Krakow"]
[Date "2018.12.27"]
[Round "1"]
[White "Kosakowski, Jakub"]
[Black "Zherebtsova, Alexandra"]
[Result "1-0"]
[ECO "C55"]
[WhiteElo "2415"]
[BlackElo "2186"]
[Annotator "NA"]
[PlyCount "73"]
[EventDate "2018.12.27"]
[EventType "swiss"]
[EventCountry "POL"]
[SourceTitle "playchess.com"]
[Source "ChessBase"]
[SourceQuality "1"]
[TimeControl "40/5400+30:1800+30"]

1. e4 e5 2. Nf3 Nc6 3. Bc4 Nf6 4. d3 h6 5. O-O d6 6. c3 g5 7. Re1 Bg7 8. a4 O-O 9. Na3 Ne7 10. Nc2 c6 11. Ba2 Ng6 12. Ne3 Re8 13. Nd2 d5 14. Qc2 Ne7 15. Ndf1 Nh5 16. Qd1 Nf4 17. g3 Nh3+ 18. Kg2 dxe4 19. dxe4 g4 20. Nc4 Qc7 21. Qd6 Qxd6 22. Nxd6 Rf8 23. Be3 b6 24. Nxc8 Raxc8 25. Red1 Rc7 26. f3 h5 27. fxg4 hxg4 28. Bc4 Kh8 29. Be2 f5 30. exf5 Nxf5 31. Bxg4 Nxe3+ 32. Nxe3 Ng5 33. Bf5 e4 34. h4 Nf3 35. Rd6 Rcf7 36. Bg6 Re7 37. Rf1 1-0

[Event "XXIX Cracovia 2018"]
[Site "Krakow"]
[Date "2018.12.27"]
[Round "1"]
[White "Hnydiuk, Aleksander"]
[Black "Boino, Claudio"]
[Result "1-0"]
[ECO "E06"]
[WhiteElo "2409"]
[BlackElo "2180"]
[Annotator "NA"]
[PlyCount "83"]
[EventDate "2018.12.27"]
[EventType "swiss"]
[EventCountry "POL"]
[SourceTitle "playchess.com"]
[Source "ChessBase"]
[SourceQuality "1"]
[TimeControl "40/5400+30:1800+30"]

1. Nf3 d5 2. d4 Nf6 3. c4 e6 4. g3 Be7 5. Bg2 O-O 6. O-O dxc4 7. Qc2 a6 8. Qxc4 b5 9. Qc2 Bb7 10. Bd2 Ra7 11. Rc1 Be4 12. Qb3 Nc6 13. e3 Qa8 14. Qd1 b4 15. Qf1 Rc8 16. Be1 Na5 17. Nbd2 Bc6 18. Ne5 Bxg2 19. Qxg2 Qxg2+ 20. Kxg2 c5 21. dxc5 Nc6 22. Nxc6 Rxc6 23. Nb3 a5 24. Nd4 Rxc5 25. Nc6 Rxc1 26. Rxc1 Rc7 27. Nxe7+ Rxe7 28. Rc5 h6 29. Rxa5 Rb7 30. b3 g5 31. Ra4 Nd5 32. e4 Nf6 33. Rxb4 Ra7 34. a4 h5 35. Bc3 Nd7 36. Bd4 Ra6 37. Rb5 f6 38. a5 e5 39. Be3 Kf7 40. b4 g4 41. Rd5 Ke6 42. Rd2 1-0

[Event "XXIX Cracovia 2018"]
[Site "Krakow"]
[Date "2018.12.27"]
[Round "1"]
[White "Molenda, Marcin"]
[Black "Kucharska, Honorata"]
[Result "1-0"]
[ECO "A53"]
[WhiteElo "2383"]
[BlackElo "2177"]
[Annotator "NA"]
[PlyCount "117"]
[EventDate "2018.12.27"]
[EventType "swiss"]
[EventCountry "POL"]
[SourceTitle "playchess.com"]
[Source "ChessBase"]
[SourceQuality "1"]
[TimeControl "40/5400+30:1800+30"]

1. d4 Nf6 2. c4 d6 3. Nf3 Nbd7 4. g3 e5 5. Bg2 Be7 6. O-O O-O 7. Nc3 c6 8. h3 Re8 9. e4 Qc7 10. Be3 Bf8 11. Re1 b6 12. Rc1 Bb7 13. Qd2 Rad8 14. Bg5 Be7 15. Kh2 Nf8 16. d5 c5 17. Nh4 Bc8 18. Nf5 Bxf5 19. exf5 Qd7 20. g4 h6 21. Be3 N8h7 22. f3 Kh8 23. Bf1 Ng8 24. Ne4 Bh4 25. Red1 Ngf6 26. Bd3 Nxe4 27. Bxe4 Qe7 28. a3 Rc8 29. b4 Bg5 30. Bxg5 Nxg5 31. Kg3 Rc7 32. b5 a5 33. h4 Nxe4+ 34. fxe4 f6 35. Rh1 Rg8 36. Kf2 Kh7 37. Rcg1 g6 38. Qe3 Qf8 39. Qf3 g5 40. hxg5 Rxg5 41. Rh4 Kg8 42. Rgh1 Rh7 43. R1h3 Qg7 44. Qh1 Rh8 45. Qh2 Rh7 46. Kf3 Rh8 47. Rxh6 Rxh6 48. Rxh6 Rxg4 49. Rxf6 Qxf6 50. Kxg4 Qg7+ 51. Kf3 Kf8 52. Qh4 Kf7 53. Qh5+ Kf8 54. Qh4 Kf7 55. Qd8 Qg1 56. Qd7+ Kg8 57. Qe8+ Kh7 58. Qh5+ Kg7 59. Qg4+ 1-0

[Event "XXIX Cracovia 2018"]
[Site "Krakow"]
[Date "2018.12.27"]
[Round "1"]
[White "Biriukov, Nikolai"]
[Black "Brozyna, Mateusz"]
[Result "1-0"]
[ECO "E62"]
[WhiteElo "2365"]
[BlackElo "2173"]
[Annotator "NA"]
[PlyCount "75"]
[EventDate "2018.12.27"]
[EventType "swiss"]
[EventCountry "POL"]
[SourceTitle "playchess.com"]
[Source "ChessBase"]
[SourceQuality "1"]
[TimeControl "40/5400+30:1800+30"]

1. d4 Nf6 2. c4 g6 3. g3 Bg7 4. Bg2 O-O 5. Nc3 d6 6. Nf3 Nc6 7. O-O Bf5 8. d5 Na5 9. Nd2 c5 10. e4 Bd7 11. Qc2 a6 12. b3 b5 13. Rb1 Rb8 14. h3 e5 15. cxb5 axb5 16. b4 cxb4 17. Rxb4 Qc8 18. Qb2 Bxh3 19. Nxb5 Bxg2 20. Kxg2 Qc5 21. a3 Rfc8 22. Nc3 Qc7 23. Nb5 Qc5 24. Nc3 Qc7 25. Ndb1 Nc4 26. Qb3 Nd7 27. Nb5 Qc5 28. N1c3 Ndb6 29. Na7 Na5 30. Qb1 Nac4 31. Na4 Nxa4 32. Rxb8 Rf8 33. Rxf8+ Bxf8 34. Qb8 Nab6 35. Nc6 Nd7 36. Qd8 Ncb6 37. Bh6 f5 38. Qe8 1-0

[Event "XXIX Cracovia 2018"]
[Site "Krakow"]
[Date "2018.12.27"]
[Round "1"]
[White "Nurkiewicz, Maciej"]
[Black "Strybuk, Artsiom I"]
[Result "0-1"]
[ECO "B76"]
[WhiteElo "2359"]
[BlackElo "2172"]
[Annotator "NA"]
[PlyCount "94"]
[EventDate "2018.12.27"]
[EventType "swiss"]
[EventCountry "POL"]
[SourceTitle "playchess.com"]
[Source "ChessBase"]
[SourceQuality "1"]
[TimeControl "40/5400+30:1800+30"]

1. e4 c5 2. Nf3 d6 3. d4 cxd4 4. Nxd4 Nf6 5. Nc3 g6 6. Be3 Bg7 7. f3 Nc6 8. Qd2 O-O 9. O-O-O d5 10. Kb1 Nxd4 11. e5 Nf5 12. exf6 exf6 13. Bc5 d4 14. Bxf8 Qxf8 15. Ne2 Bh6 16. f4 Be6 17. g3 Ne3 18. Rc1 Nc4 19. Qxd4 f5 20. Qc3 Bd5 21. Rg1 Bg7 22. Nd4 Rc8 23. Rd1 b5 24. Bxc4 Rxc4 25. Qe3 Be4 26. Ka1 Qc5 27. Nxf5 Bxf5 28. Rd8+ Bf8 29. Qxc5 Rxc5 30. c3 h5 31. Re1 Be6 32. Re5 Kg7 33. Rb8 Rc7 34. Rbxb5 Rd7 35. Re1 Rd2 36. a4 Rxh2 37. Rb7 Kf6 38. Rxa7 Bc5 39. Rb7 Bf2 40. Rd1 Bxg3 41. a5 Rf2 42. a6 Rxf4 43. Rb4 Rxb4 44. cxb4 Bb8 45. Rd8 Ba7 46. Ra8 Bf2 47. a7 Bxa7 0-1

[Event "XXIX Cracovia 2018"]
[Site "Krakow"]
[Date "2018.12.27"]
[Round "1"]
[White "Mosesov, Danylo"]
[Black "Kubicka, Anna"]
[Result "0-1"]
[ECO "B94"]
[WhiteElo "2343"]
[BlackElo "2168"]
[Annotator "NA"]
[PlyCount "118"]
[EventDate "2018.12.27"]
[EventType "swiss"]
[EventCountry "POL"]
[SourceTitle "playchess.com"]
[Source "ChessBase"]
[SourceQuality "1"]
[TimeControl "40/5400+30:1800+30"]

1. e4 c5 2. Nf3 d6 3. d4 cxd4 4. Nxd4 Nf6 5. Nc3 a6 6. Bg5 Nbd7 7. f4 Qc7 8. Qf3 h6 9. Bh4 g5 10. fxg5 hxg5 11. Bxg5 Qc5 12. Bxf6 Nxf6 13. Nb3 Qg5 14. Bc4 Bg4 15. Qg3 Rc8 16. Be2 Rg8 17. Nd4 Bh6 18. Rd1 Rxc3 19. Qxc3 Nxe4 20. Qc7 Kf8 21. O-O Bh3 22. Bf3 Qxg2+ 23. Bxg2 Be3+ 24. Rf2 Rxg2+ 25. Kf1 Rxf2+ 26. Ke1 Rxh2 27. Qd8+ Kg7 28. Qa5 Bf2+ 29. Ke2 Bg4+ 30. Kd3 Nc5+ 31. Kc4 Bxd1 32. Qd2 b5+ 33. Kd5 Bh5 34. Qf4 Bg6 35. Kc6 Bxd4 36. Qxd4+ Kf8 37. c3 Rh5 38. Kb6 Kg8 39. b4 Ne6 40. Qe3 Re5 41. Qg3 Kg7 42. Qh4 Ng5 43. Kxa6 Ne4 44. Ka5 Nxc3 45. Qd4 Ne4 46. a4 bxa4+ 47. Kxa4 f5 48. b5 Be8 49. Qg1+ Kf7 50. Qh2 Bxb5+ 51. Kb4 Rc5 52. Qh7+ Ke6 53. Ka5 Kd7 54. Kb6 Bd3 55. Qh3 Rb5+ 56. Ka7 Nc5 57. Qh8 Rb7+ 58. Ka8 Rc7 59. Qa1 Be4+ 0-1

[Event "XXIX Cracovia 2018"]
[Site "Krakow"]
[Date "2018.12.27"]
[Round "1"]
[White "Paszewski, Mateusz"]
[Black "Wisniewski, Michal"]
[Result "1-0"]
[ECO "B07"]
[WhiteElo "2342"]
[BlackElo "2161"]
[Annotator "NA"]
[PlyCount "57"]
[EventDate "2018.12.27"]
[EventType "swiss"]
[EventCountry "POL"]
[SourceTitle "playchess.com"]
[Source "ChessBase"]
[SourceQuality "1"]
[TimeControl "40/5400+30:1800+30"]

1. e4 d6 2. d4 Nf6 3. Nc3 g6 4. g3 Nbd7 5. Bg2 Bg7 6. Nge2 c6 7. a4 e5 8. O-O O-O 9. h3 Re8 10. Be3 Qc7 11. g4 Nf8 12. Qd2 exd4 13. Nxd4 Ne6 14. Nde2 Nc5 15. Ng3 Nfd7 16. Bd4 Ne5 17. b3 Ne6 18. Be3 Qa5 19. Nge2 c5 20. Rad1 Bd7 21. f4 Nc6 22. Nb5 Ned4 23. Nbxd4 Qxd2 24. Rxd2 cxd4 25. Nxd4 d5 26. Nb5 Nb4 27. Nc7 Rac8 28. Nxe8 Rxe8 29. e5 1-0

[Event "XXIX Cracovia 2018"]
[Site "Krakow"]
[Date "2018.12.27"]
[Round "1"]
[White "Colijn, Stefan"]
[Black "Leiter, Thomas"]
[Result "1-0"]
[ECO "A14"]
[WhiteElo "2331"]
[BlackElo "2151"]
[Annotator "NA"]
[PlyCount "59"]
[EventDate "2018.12.27"]
[EventType "swiss"]
[EventCountry "POL"]
[SourceTitle "playchess.com"]
[Source "ChessBase"]
[SourceQuality "1"]
[TimeControl "40/5400+30:1800+30"]

1. Nf3 Nf6 2. g3 e6 3. Bg2 d5 4. c4 Be7 5. O-O O-O 6. b3 d4 7. Bb2 c5 8. b4 a5 9. a3 axb4 10. axb4 Rxa1 11. Bxa1 Qc7 12. bxc5 e5 13. e3 Qxc5 14. exd4 exd4 15. d3 Nc6 16. Nbd2 Rd8 17. Re1 Bg4 18. h3 Be6 19. Nb3 Qb6 20. Ng5 Bb4 21. Nxe6 fxe6 22. Rxe6 Bc3 23. Qc2 Bxa1 24. Nxa1 Ra8 25. Nb3 Ra3 26. Qe2 Qxb3 27. Re8+ Kf7 28. Qe6+ Kg6 29. Be4+ Kh6 30. Rh8 1-0

[Event "XXIX Cracovia 2018"]
[Site "Krakow"]
[Date "2018.12.27"]
[Round "1"]
[White "Szczurek, Krzysztof"]
[Black "Schreiner, Peter"]
[Result "1-0"]
[ECO "A45"]
[WhiteElo "2212"]
[BlackElo "2479"]
[Annotator "ChessBase"]
[PlyCount "93"]
[EventDate "2018.12.27"]
[EventType "swiss"]
[EventCountry "POL"]
[SourceTitle "playchess.com"]
[Source "ChessBase"]
[SourceQuality "1"]
[TimeControl "40/5400+30:1800+30"]

1. d4 Nf6 2. Nc3 d5 3. Bf4 a6 4. e3 c5 5. Qd2 Nc6 6. f3 e6 7. g4 b5 8. a3 Be7 9. h4 Bb7 10. Nge2 Nd7 11. h5 e5 12. Bg3 Nb6 13. b3 b4 14. axb4 cxd4 15. exd4 Bxb4 16. O-O-O Nc4 17. Qe1 Ne3 18. Rd3 Nxf1 19. Rxf1 e4 20. fxe4 dxe4 21. Qf2 O-O 22. Nxe4 Ba3+ 23. Kb1 Nb4 24. Re3 Nd5 25. Rf3 Qe7 26. Nc5 a5 27. h6 gxh6 28. Bh4 f6 29. Ng3 Bxc5 30. Nf5 Qd7 31. Nxh6+ Kg7 32. Nf5+ Kh8 33. dxc5 a4 34. Qd4 axb3 35. cxb3 Ba6 36. Re1 Qf7 37. Nd6 Qg6+ 38. Kb2 Bb7 39. Rf5 Bc6 40. Re6 h6 41. Bxf6+ Kg8 42. Nc4 Nxf6 43. Rxc6 Kg7 44. Rc7+ Kh8 45. Ne5 Qe8 46. Qf4 Kg8 47. Rxf6 1-0

[Event "XXIX Cracovia 2018"]
[Site "Krakow"]
[Date "2018.12.27"]
[Round "1"]
[White "Bombek, Peter"]
[Black "Golubka, Petro"]
[Result "0-1"]
[ECO "B06"]
[WhiteElo "2205"]
[BlackElo "2464"]
[Annotator "ChessBase"]
[PlyCount "130"]
[EventDate "2018.12.27"]
[EventType "swiss"]
[EventCountry "POL"]
[SourceTitle "playchess.com"]
[Source "ChessBase"]
[SourceQuality "1"]
[TimeControl "40/5400+30:1800+30"]

1. d4 g6 2. e4 Bg7 3. Nf3 d6 4. Bd3 Nc6 5. c3 e5 6. dxe5 dxe5 7. O-O Nf6 8. h3 O-O 9. Be3 a6 10. Bc2 Qe7 11. Nbd2 Nh5 12. Nb3 b6 13. Qc1 Be6 14. Rd1 Kh8 15. g4 Nf6 16. Nbd2 h5 17. g5 Ne8 18. Kh2 Nd6 19. Ba4 Bd7 20. Rg1 Rfd8 21. Qf1 a5 22. Rd1 Nd4 23. Bxd7 Nxf3+ 24. Nxf3 Qxd7 25. c4 Qa4 26. b3 Qxa2 27. Qd3 a4 28. Qd5 Re8 29. Qc6 Rac8 30. c5 bxc5 31. bxa4 c4 32. Ra1 Qe2 33. Nd2 Re6 34. a5 f5 35. gxf6 Rxf6 36. a6 Bh6 37. Rg2 Bxe3 38. fxe3 Rf2 39. Rag1 Qxd2 40. a7 Qa2 41. Rxf2 Qxf2+ 42. Rg2 Qxe3 43. a8=Q Rxa8 44. Qxa8+ Kg7 45. Qd8 Qf4+ 46. Kg1 Nxe4 47. Qxc7+ Kh6 48. Qc8 Ng5 49. Qh8+ Nh7 50. Qg8 Qe4 51. Qc8 Qe3+ 52. Kh2 Qf4+ 53. Kg1 Qd4+ 54. Kh2 c3 55. Qg8 Qf4+ 56. Kg1 Qe4 57. Qc8 Qd4+ 58. Kh2 e4 59. h4 e3 60. Kh3 Qd3 61. Kh2 e2 62. Qe8 c2 63. Rg1 Qd6+ 64. Kh1 c1=Q 65. Qe3+ Qxe3 0-1

[Event "XXIX Cracovia 2018"]
[Site "Krakow"]
[Date "2018.12.27"]
[Round "1"]
[White "Pasti, Aron"]
[Black "Tomczak, Mikolaj"]
[Result "0-1"]
[ECO "B90"]
[WhiteElo "2196"]
[BlackElo "2442"]
[Annotator "NA"]
[PlyCount "94"]
[EventDate "2018.12.27"]
[EventType "swiss"]
[EventCountry "POL"]
[SourceTitle "playchess.com"]
[Source "ChessBase"]
[SourceQuality "1"]
[TimeControl "40/5400+30:1800+30"]

1. e4 c5 2. Nf3 d6 3. d4 cxd4 4. Nxd4 Nf6 5. Nc3 a6 6. h3 e6 7. g4 d5 8. exd5 Nxd5 9. Nde2 h5 10. Bg2 hxg4 11. hxg4 Rxh1+ 12. Bxh1 Qh4 13. Bxd5 exd5 14. Qxd5 Nc6 15. Bg5 Qxg4 16. O-O-O Be6 17. Qd2 Rc8 18. Nd5 f6 19. Bf4 Kf7 20. Ndc3 b5 21. a3 Qf3 22. Qe3 Qxe3+ 23. Bxe3 Bg4 24. Rg1 Ne5 25. Bd4 Bf3 26. Rg3 Bb7 27. Re3 Nc4 28. Rd3 g5 29. Ng3 Kg6 30. Rd1 Re8 31. a4 b4 32. Nce2 Bf3 33. Re1 Bd6 34. b3 Na5 35. Kd2 Nc6 36. Be3 Be5 37. Kc1 f5 38. Ng1 Bg4 39. Bd2 Rd8 40. Nf1 f4 41. Nh2 Bf5 42. Nhf3 Bf6 43. Ne2 Bg4 44. Nh2 Bxe2 45. Rxe2 Nd4 46. Re1 Rc8 47. Bxb4 Nxc2 0-1

[Event "XXIX Cracovia 2018"]
[Site "Krakow"]
[Date "2018.12.27"]
[Round "1"]
[White "Jansen, Bob"]
[Black "Cukrowski, Filip"]
[Result "1/2-1/2"]
[ECO "A45"]
[WhiteElo "2192"]
[BlackElo "2416"]
[Annotator "NA"]
[PlyCount "85"]
[EventDate "2018.12.27"]
[EventType "swiss"]
[EventCountry "POL"]
[SourceTitle "playchess.com"]
[Source "ChessBase"]
[SourceQuality "1"]
[TimeControl "40/5400+30:1800+30"]

1. d4 Nf6 2. Bg5 e6 3. e4 h6 4. Bxf6 Qxf6 5. c3 g6 6. Bd3 Bg7 7. Ne2 d6 8. O-O b6 9. f4 Bb7 10. f5 gxf5 11. Ng3 Qg5 12. exf5 e5 13. f6 Bxf6 14. Kh1 Nd7 15. Nd2 Qg7 16. Nde4 Bg5 17. Qa4 O-O-O 18. Qxa7 d5 19. Ba6 Bxa6 20. Qxa6+ Kb8 21. Nf5 Qg6 22. Neg3 h5 23. a4 h4 24. Ne2 Rdg8 25. Rf2 h3 26. Neg3 Qc6 27. a5 Qb7 28. Qb5 c6 29. Qb4 hxg2+ 30. Rxg2 b5 31. Nd6 Be7 32. Ngf5 Rxg2 33. Kxg2 Bxd6 34. Qxd6+ Qc7 35. dxe5 Nxe5 36. Re1 Rxh2+ 37. Kxh2 Qxd6 38. Nxd6 Nf3+ 39. Kg3 Nxe1 40. Nxf7 Nd3 41. b4 d4 42. cxd4 Nxb4 43. Kf4 1/2-1/2

[Event "XXIX Cracovia 2018"]
[Site "Krakow"]
[Date "2018.12.27"]
[Round "1"]
[White "Antolak, Julia"]
[Black "Grib, Roman"]
[Result "1/2-1/2"]
[ECO "B35"]
[WhiteElo "2183"]
[BlackElo "2412"]
[Annotator "NA"]
[PlyCount "122"]
[EventDate "2018.12.27"]
[EventType "swiss"]
[EventCountry "POL"]
[SourceTitle "playchess.com"]
[Source "ChessBase"]
[SourceQuality "1"]
[TimeControl "40/5400+30:1800+30"]

1. e4 c5 2. Nf3 Nc6 3. d4 cxd4 4. Nxd4 g6 5. Nc3 Bg7 6. Be3 Nf6 7. Bc4 Qa5 8. O-O O-O 9. h3 d6 10. Bb3 Nd7 11. Re1 Nc5 12. Qd2 Bd7 13. Rad1 Kh8 14. f4 Rad8 15. Qf2 b6 16. Bd5 Nxd4 17. Bxd4 Ne6 18. Bxg7+ Nxg7 19. Bb3 Qc5 20. e5 Qxf2+ 21. Kxf2 dxe5 22. Rxe5 e6 23. Re2 Bc6 24. Red2 Rxd2+ 25. Rxd2 Rc8 26. Bc4 Nh5 27. g3 Nf6 28. Be2 Kg7 29. Bf3 b5 30. a3 a5 31. Rd4 Bxf3 32. Kxf3 Rc5 33. h4 h6 34. Rd2 g5 35. hxg5 hxg5 36. Ne4 Nxe4 37. Kxe4 Rc4+ 38. Ke3 gxf4+ 39. gxf4 Kf6 40. Rh2 b4 41. axb4 axb4 42. Rg2 Ke7 43. Rf2 f5 44. Kd3 Re4 45. c3 bxc3 46. bxc3 Kd6 47. Rf3 Kd5 48. Rf2 Re1 49. Ra2 Re4 50. Rf2 Ra4 51. Rf1 Ra2 52. Rb1 Rf2 53. Rb5+ Kc6 54. Re5 Kd6 55. Ke3 Rh2 56. Ra5 Rh3+ 57. Kd2 Rf3 58. Ra6+ Kd5 59. Ra5+ Kd6 60. Ra6+ Ke7 61. Ra7+ Kd6 1/2-1/2

[Event "XXIX Cracovia 2018"]
[Site "Krakow"]
[Date "2018.12.27"]
[Round "1"]
[White "Fiedorek, Michal"]
[Black "Lewtak, Damian"]
[Result "0-1"]
[ECO "B47"]
[WhiteElo "2178"]
[BlackElo "2393"]
[Annotator "NA"]
[PlyCount "84"]
[EventDate "2018.12.27"]
[EventType "swiss"]
[EventCountry "POL"]
[SourceTitle "playchess.com"]
[Source "ChessBase"]
[SourceQuality "1"]
[TimeControl "40/5400+30:1800+30"]

1. e4 c5 2. Nf3 e6 3. d4 cxd4 4. Nxd4 Nc6 5. Nc3 Qc7 6. Be2 a6 7. O-O Nf6 8. Be3 Bb4 9. Na4 O-O 10. c4 Bd6 11. g3 Nxe4 12. c5 Be7 13. Nxc6 bxc6 14. Qd4 Nf6 15. Nb6 Ra7 16. Bf4 Qb7 17. Be5 Ne8 18. Rac1 f6 19. Bf4 Nc7 20. Rfd1 Nd5 21. Nxd5 cxd5 22. Be3 Qc6 23. b4 Rc7 24. Qb2 Rb7 25. Qb3 Rb8 26. a4 d6 27. b5 dxc5 28. bxc6 Rxb3 29. Bxc5 Kf7 30. f4 Bxc5+ 31. Rxc5 Ke7 32. Rdc1 Rd8 33. a5 d4 34. c7 Rd6 35. Bc4 Rc3 36. Rxc3 dxc3 37. Bb3 Rd3 38. Bc2 Kd6 39. Rc4 Rd5 40. Rxc3 g6 41. g4 Rxa5 42. Rh3 Rc5 0-1

[Event "XXIX Cracovia 2018"]
[Site "Krakow"]
[Date "2018.12.27"]
[Round "1"]
[White "Den Boer, Lennard"]
[Black "Galperin, Platon"]
[Result "1/2-1/2"]
[ECO "B10"]
[WhiteElo "2173"]
[BlackElo "2363"]
[Annotator "NA"]
[PlyCount "90"]
[EventDate "2018.12.27"]
[EventType "swiss"]
[EventCountry "POL"]
[SourceTitle "playchess.com"]
[Source "ChessBase"]
[SourceQuality "1"]
[TimeControl "40/5400+30:1800+30"]

1. e4 c6 2. Nc3 d5 3. Nf3 dxe4 4. Nxe4 Nf6 5. Ng3 h5 6. h4 Bg4 7. Be2 e6 8. Ne5 Bxe2 9. Qxe2 Qd5 10. c4 Qd8 11. d3 Bd6 12. d4 Nbd7 13. O-O Qc7 14. Re1 c5 15. Nxd7 Nxd7 16. d5 Bxg3 17. fxg3 e5 18. Qf3 g6 19. Bg5 Qd6 20. g4 f6 21. Bd2 hxg4 22. Qxg4 f5 23. Qg3 O-O-O 24. Bg5 Rde8 25. a3 Rhf8 26. Rab1 Qa6 27. Qc3 f4 28. Re4 Rf5 29. Rbe1 Ref8 30. Qf3 Qd6 31. Qf2 b6 32. g4 fxg3 33. Qxg3 R8f7 34. Bh6 Qf6 35. R4e2 Rf3 36. Qg4 Rf1+ 37. Rxf1 Qxf1+ 38. Kh2 Rf5 39. Rg2 Kc7 40. Qxg6 Rf6 41. Qg7 Qxc4 42. Bg5 Rf8 43. h5 Qxd5 44. Rd2 Rf7 45. Qg6 Qf3 1/2-1/2

[Event "XXIX Cracovia 2018"]
[Site "Krakow"]
[Date "2018.12.27"]
[Round "1"]
[White "Toma, Katarzyna"]
[Black "Goumas, Georgios"]
[Result "1/2-1/2"]
[ECO "B24"]
[WhiteElo "2173"]
[BlackElo "2378"]
[Annotator "NA"]
[PlyCount "138"]
[EventDate "2018.12.27"]
[EventType "swiss"]
[EventCountry "POL"]
[SourceTitle "playchess.com"]
[Source "ChessBase"]
[SourceQuality "1"]
[TimeControl "40/5400+30:1800+30"]

1. e4 c5 2. Nc3 Nc6 3. Bb5 Nd4 4. Bc4 a6 5. Nf3 b5 6. Bd5 Rb8 7. Nxd4 cxd4 8. Ne2 Nf6 9. Bb3 Nxe4 10. Nxd4 e6 11. O-O Bb7 12. c3 Bd6 13. Nf3 Ng5 14. Ne1 Qc7 15. Qh5 Ne4 16. d4 O-O 17. f3 Nf6 18. Qh4 Nd5 19. Bd2 a5 20. Bc2 f5 21. Bd3 Qb6 22. Nc2 Ba6 23. Rfe1 b4 24. c4 b3 25. Ne3 Bf4 26. c5 Bxe3+ 27. Bxe3 Qc6 28. Bxa6 Qxa6 29. a3 f4 30. Bd2 a4 31. Qf2 Rf5 32. Rac1 Qc6 33. Qe2 Rbf8 34. Qe4 R8f6 35. Rc4 Rg6 36. Re2 Rgf6 37. Rc1 g5 38. h3 h5 39. Kf2 Rg6 40. Ree1 Kf7 41. Rh1 Rg8 42. Rhe1 g4 43. hxg4 hxg4 44. Rh1 Rg7 45. fxg4 Rfg5 46. Rh4 Qb5 47. c6 Nf6 48. Qxf4 Rxg4 49. Rxg4 Rxg4 50. Qf3 dxc6 51. Rxc6 Qh5 52. Rc7+ Kg6 53. Kg1 Rxd4 54. Qxh5+ Kxh5 55. Bc3 Rd1+ 56. Kh2 Nd5 57. Rc5 Rc1 58. Bd4 Rxc5 59. Bxc5 Kg4 60. Kg1 Nf4 61. Bb4 e5 62. Kf1 e4 63. Bd2 Nd5 64. Kf2 Nb6 65. Bc3 Nc4 66. Bd4 Kf4 67. Bc3 Kg4 68. Bd4 Kf4 69. Bc3 Kg4 1/2-1/2

[Event "XXIX Cracovia 2018"]
[Site "Krakow"]
[Date "2018.12.27"]
[Round "1"]
[White "Popiol, Michal"]
[Black "Lewicki, Miroslaw"]
[Result "1/2-1/2"]
[ECO "E12"]
[WhiteElo "2169"]
[BlackElo "2347"]
[Annotator "NA"]
[PlyCount "84"]
[EventDate "2018.12.27"]
[EventType "swiss"]
[EventCountry "POL"]
[SourceTitle "playchess.com"]
[Source "ChessBase"]
[SourceQuality "1"]
[TimeControl "40/5400+30:1800+30"]

1. d4 Nf6 2. c4 e6 3. Nf3 b6 4. a3 Bb7 5. Nc3 Be7 6. d5 O-O 7. e4 exd5 8. cxd5 Re8 9. Bd3 c6 10. O-O cxd5 11. exd5 d6 12. Nd4 g6 13. Bb5 Nbd7 14. Nc6 Qc7 15. Nxe7+ Rxe7 16. Bg5 Re5 17. f4 Re3 18. Qd4 Qc5 19. Qxc5 bxc5 20. f5 Re5 21. Bxf6 Nxf6 22. fxg6 Kg7 23. gxf7 Nxd5 24. Be8 Kf8 25. Nxd5 Bxd5 26. Rad1 Rb8 27. Rd2 Bc4 28. Rc1 d5 29. Rc3 Re1+ 30. Kf2 Rb1 31. b4 Rf1+ 32. Kg3 cxb4 33. axb4 Rxb4 34. Ra3 a6 35. Ra5 h5 36. Bc6 h4+ 37. Kh3 Rf4 38. Bxd5 Rb3+ 39. g3 Bf1+ 40. Bg2 Bc4 41. Rd8+ Kxf7 42. Bd5+ Bxd5 1/2-1/2

[Event "XXIX Cracovia 2018"]
[Site "Krakow"]
[Date "2018.12.27"]
[Round "1"]
[White "Marusenko, Petr"]
[Black "Eggink, Ryszard"]
[Result "0-1"]
[ECO "A41"]
[WhiteElo "2163"]
[BlackElo "2343"]
[Annotator "NA"]
[PlyCount "54"]
[EventDate "2018.12.27"]
[EventType "swiss"]
[EventCountry "POL"]
[SourceTitle "playchess.com"]
[Source "ChessBase"]
[SourceQuality "1"]
[TimeControl "40/5400+30:1800+30"]

1. d4 d6 2. Nf3 g6 3. g3 Bg7 4. Bg2 Nd7 5. O-O e5 6. c4 f5 7. Nc3 e4 8. Ng5 Ndf6 9. f3 h6 10. Nh3 exf3 11. Bxf3 Ne7 12. Nf4 O-O 13. e4 g5 14. Nfe2 fxe4 15. Nxe4 d5 16. Nc5 b6 17. Nd3 Bh3 18. Re1 Ne4 19. Bh1 c6 20. cxd5 cxd5 21. Bd2 Nf5 22. Bxe4 dxe4 23. Nf2 Nxd4 24. Nxd4 Rxf2 25. Kxf2 Qxd4+ 26. Be3 Qxb2+ 27. Kg1 Qg2# 0-1